 Dungeon Crawl Stone Soup version 0.29-a0-319-gad05b8d819 (webtiles) character file.

Game seed: 756847894931230259

96 GigaChad the Skirmisher (level 4, 0/40 HPs)
             Began as a Draconian Abyssal Knight on Apr 1, 2022.
             Was a Priest of Lugonu.
             Succumbed to an adder's poison
             ... on level 2 of the Dungeon.
             The game lasted 00:10:20 (1235 turns).

GigaChad the Skirmisher (Draconian Abyssal Knight)  Turns: 1235, Time: 00:10:20

Health: 0/40       AC:  5    Str: 16    XL:     4   Next: 41%
Magic:  5/5        EV: 12    Int: 10    God:    Lugonu [***...]
Gold:   58         SH:  0    Dex: 13    Spells: 3/3 levels left

rFire   . . .      SeeInvis .   a - +1 falchion
rCold   . . .      Faith    .   (no shield)
rNeg    . . .      Spirit   .   (body armour unavailable)
rPois   .          Reflect  .   (helmet restricted)
rElec   .          Harm     .   (no cloak)
rCorr   .          Rampage  .   (no gloves)
Will    .....                   (no boots)
Stlth   ++........              (no amulet)
HPRegen 0.13/turn               (no ring)
MPRegen 0.09/turn               (no ring)

@: lethally poisoned (0 -> -5)
A: AC +5, unfitting armour, cold-blooded
a: Renounce Religion, Depart the Abyss, Bend Space, Banish


You were on level 2 of the Dungeon.
You worshipped Lugonu.
Lugonu was most pleased with you.
You visited 1 branch of the dungeon, and saw 2 of its levels.
You visited the Abyss 1 time.

You collected 58 gold pieces.

Inventory:

Hand Weapons
 a - a +1 falchion (weapon)
 b - a +0 hand axe
 l - a +0 hand axe
Missiles
 m - a throwing net
Armour
 d - a +0 chain mail
Wands
 i - a wand of flame (16)
Scrolls
 c - a scroll of fog {unknown}
 h - a scroll of immolation
 k - a scroll of teleportation {unknown}
Potions
 e - a potion of flight {unknown}
 f - 2 potions of degeneration
 g - a potion of magic {unknown}
 j - a potion of resistance {unknown}


   Skills:
 + Level 4.2 Fighting
 + Level 3.1 Long Blades
 + Level 2.8 Dodging
 + Level 0.9 Stealth
 + Level 2.1 Invocations


You had 3 spell levels left.
You didn't know any spells.
Your spell library contained the following spells:

 Spells                   Type           Power      Damage    Failure   Level
 Apportation              Tloc           0%         N/A       36%         1
 Alistair's Intoxication  Tmut/Pois      0%         N/A       100%        5


Dungeon Overview and Level Annotations

Branches:
Dungeon (2/15)

Altars:


Innate Abilities, Weirdness & Mutations

Your plain brown scales are hard. (AC +5)
You cannot fit into any form of body armour.
You are cold-blooded and may be slowed by cold attacks.


Message History

You hit the gnoll but do no damage.
The gnoll is severely wounded.
The gnoll hits you with a +0 spear.
* * * LOW HITPOINT WARNING * * *
The gnoll shouts!
You hit the gnoll but do no damage.
The gnoll is severely wounded.
The gnoll hits you but does no damage.
You hit the gnoll but do no damage. You tail-slap the gnoll.
You kill the gnoll!
Lugonu accepts your kill.
The gnoll throws a throwing net.
The throwing net misses you.
Your Long Blades skill increases to level 3!
The gnoll throws a throwing net.
The throwing net closely misses you.
Things that are here:
a +0 spear; a gnoll corpse
Things that are here:
a throwing net; a +0 spear The gnoll hits you with a +0 flail.
* * * LOW HITPOINT WARNING * * *
You closely miss the gnoll. The gnoll closely misses you.
You hit the gnoll.
The gnoll is lightly wounded.
The gnoll misses you. The gnoll closely misses you.
You hit the gnoll. You tail-slap the gnoll.
The gnoll is moderately wounded.
The gnoll barely misses you.
You slash the gnoll!
You kill the gnoll!
Lugonu accepts your kill.
m - a throwing net
Things that are here:
a +0 flail; a +0 spear An adder comes into view.
The adder hisses angrily.
The adder bites you.
* * * LOW HITPOINT WARNING * * *
You are lethally poisoned!
The adder poisons you!
You die...

##.###.....###.#
...##....###
#.####
......##.#
#....#
...#####...#
####.# ...#
###..# #.# #
.#.# #.# #.##.#
##... .# #..#.#
###.. # .
###...#
######.### #
#@..#......
....)....#
#S######...
#<........ ...#
.. #####.....
...... #...
#.###.. #...
..#. # ....
#.#..


You could see an adder.

Vanquished Creatures
  Natasha (D:2)
  3 gnolls (D:2)
  2 dart slugs (D:1)
  4 bats
  3 endoplasms
  A giant cockroach (D:1)
  4 goblins (D:1)
  7 hobgoblins
  4 jackals (D:2)
  A quokka (D:2)
  2 ball pythons (D:2)
  2 frilled lizards
  2 kobolds
  A rat (D:2)
37 creatures vanquished.

Notes
Turn   | Place    | Note
-------+----------+-------------------------------------------
     0 | Abyss:1  | GigaChad the Draconian Abyssal Knight began the quest for
                  | the Orb.
     0 | Abyss:1  | Reached XP level 1. HP: 19/19 MP: 2/2
    33 | Abyss:1  | Found a corrupted altar of Lugonu.
    37 | Abyss:1  | Found a corrupted altar of Lugonu.
    45 | D:1      | Escaped the Abyss
   160 | D:1      | Found a faded altar of an unknown god.
   239 | D:1      | Reached XP level 2. HP: 8/27 MP: 3/3
   686 | D:2      | Reached skill level 4 in Fighting
   689 | D:2      | Reached XP level 3. HP: 33/33 MP: 4/4
   884 | D:2      | Noticed Natasha
   899 | D:2      | Killed Natasha
   899 | D:2      | Reached *** piety under Lugonu
  1193 | D:2      | Reached XP level 4. HP: 27/40 MP: 5/5
  1207 | D:2      | HP: 1/40 [gnoll/+0 flail (6)]
  1234 | D:2      | HP: 2/40 [adder (3)]
  1235 | D:2      | Succumbed to an adder's poison

Illustrated notes

Levels and vault maps discovered:
D:1:      minmay_arrival_wavy_path, layout_basic,
          hellmonk_ecumenical_altar_blasted, amcnicky_mini_pool_small,
          minmay_misc_feat_x
D:2:      layout_rooms, uniq_crazy_yiuf_cottage, uniq_natasha

Skill      XL: |  1  2  3  4 |
---------------+-------------+-----
Fighting       | 4 |  4.2
Long Blades    | 3 |  3.1
Dodging        | |  2.8
Stealth        | |  0.9
Invocations    | |  2.1

Action                   |  1- 3 |  4- 6 || total
-------------------------+-------+-------++-------
Melee: Falchion          |   110 |    11 ||   121
       Tailslap          |    12 |     3 ||    15
       Punch             |     1 |       ||     1
  Use: Scroll            |     3 |       ||     3
 Stab: Sleeping          |     1 |       ||     1
Armor: Skin              |    90 |     1 ||    91
Dodge: Dodged            |   176 |     8 ||   184

Table legend: (Time is in decaauts)
 A = Elapsed time spent in this place.
 B = Non-inter-level travel time spent in this place.
 C = Inter-level travel time spent in this place.
 D = Time resting spent in this place.
 E = Time spent auto-exploring this place.
 F = Levels seen in this place.
 G = Mean time per level.
                   A        B        C        D        E       F      G
               +--------+--------+--------+--------+--------+-----+--------+
         Total |   1258 |   1258 |      0 |      0 |      0 |   3 |  419.3 |
       Dungeon |   1213 |   1213 |      0 |      0 |      0 |   2 |  606.5 |
         Abyss |     45 |     45 |      0 |      0 |      0 |   1 |   45.0 |
               +--------+--------+--------+--------+--------+-----+--------+

Top non-repeatable levels by time:
     D:2: 629 daAuts
     D:1: 583 daAuts
 Abyss:1: 45 daAuts
